 Dungeon Crawl Stone Soup version 0.29.1-15-g9cfb28693d (webtiles) character file.

Game seed: 5147628935582952527

25 sampeng1 the Trooper (level 3, 0/29 HPs)
             Began as a Human Berserker on Apr 20, 2023.
             Was a Follower of Trog.
             Slain by a bat (1 damage)
             ... on level 1 of the Dungeon.
             The game lasted 00:03:03 (428 turns).

sampeng1 the Trooper (Human Berserker)               Turns: 428, Time: 00:03:04

Health: 0/29       AC:  3    Str: 19    XL:     3   Next: 17%
Magic:  3/3        EV: 12    Int:  7    God:    Trog [*.....]
Gold:   28         SH:  0    Dex: 12    Spells: 2/2 levels left

rFire   . . .      SeeInvis +   a - +0 hand axe
rCold   . . .      Faith    .   (no shield)
rNeg    . . .      Spirit   .   c - +0 leather armour
rPois   .          Reflect  .   (no helmet)
rElec   .          Harm     .   (no cloak)
rCorr   .          Rampage  .   (no gloves)
Will    .....                   (no boots)
Stlth   +.........              (no amulet)
HPRegen 0.09/turn               d - ring of see invisible
MPRegen 0.08/turn               (no ring)

@: no status effects
A: no striking features
a: Renounce Religion, Berserk


You were on level 1 of the Dungeon.
You worshipped Trog.
Trog was aware of your devotion.
You visited 1 branch of the dungeon, and saw 1 of its levels.

You collected 28 gold pieces.

Inventory:

Hand Weapons
 a - a +0 hand axe (weapon)
 l - a +0 flail
Armour
 b - a +0 animal skin
 c - a +0 leather armour (worn)
Jewellery
 d - a ring of see invisible (left hand)
Scrolls
 e - 3 scrolls of teleportation {unknown}
 g - a scroll of vulnerability {unknown}
 i - a scroll of noise {unknown}
 j - a scroll of enchant armour {unknown}
 k - a scroll of magic mapping {unknown}
Potions
 f - a potion of degeneration {unknown}
 h - a potion of berserk rage {unknown}


   Skills:
 + Level 3.3 Fighting
 + Level 3.3 Axes
 + Level 2.6 Armour
 + Level 2.1 Dodging


You had 2 spell levels left.
You didn't know any spells.
Your spell library was empty.

Dungeon Overview and Level Annotations

Branches:
Dungeon (1/15)

Altars:


Message History

You barely miss the gnoll.
The gnoll is moderately wounded.
You hit the plant.
A nearby plant withers and dies.
The gnoll barely misses you. The bat closely misses you.
You hit the gnoll.
The gnoll is heavily wounded.
You barely miss the bat. The bat hits you.
The gnoll hits you with a +0 flail. x2
You hit the gnoll.
The gnoll is heavily wounded.
You hit the bat but do no damage. The bat closely misses you.
The gnoll hits you with a +0 flail!
* * * LOW HITPOINT WARNING * * *
You hit the gnoll.
The gnoll is severely wounded.
You closely miss the bat. The bat closely misses you.
The gnoll closely misses you.
You hit the gnoll.
You kill the gnoll!
Trog accepts your kill. The bat misses you.
You have reached level 3!
Your experience leads to an increase in your attributes!
Increase (S)trength, (I)ntelligence, or (D)exterity?
You feel stronger. x2
The bat completely misses you.
Things that are here:
a +0 flail; a gnoll corpse
l - a +0 flail The bat hits you but does no damage.
Found a puce potion.
The bat misses you.
You barely miss the bat. The bat hits you but does no damage.
A dart slug comes into view.
The bat barely misses you.
You hit the bat.
The bat is severely wounded.
The bat misses you. The bat hits you.
* * * LOW HITPOINT WARNING * * *
The bat hits you.
You die...

######. ##.......
##.....w.. #..P......
#....P...! #.PP....P.
#†......P. #
###......... ####
###.@b........ ~..###
#...#...PP.P.. ~>...#
###.####........
#..#.######...##
######...
#............|.## ##. #.
~.~~............# ..
##~.............####.#
.~#~...............#.###
~8~~.....#............)#


You could see a dart slug and a bat.

Vanquished Creatures
  A gnoll (D:1)
  A bat (D:1)
  An endoplasm (D:1)
  2 goblins (D:1)
  A quokka (D:1)
  2 ball pythons (D:1)
  A frilled lizard (D:1)
  4 kobolds (D:1)
  A rat (D:1)
  A spectral goblin (D:1)
15 creatures vanquished.

Vanquished Creatures (others)
  14 plants (D:1)
14 creatures vanquished.

Grand Total: 29 creatures vanquished

Notes
Turn   | Place    | Note
-------+----------+-------------------------------------------
     0 | D:1      | sampeng1 the Human Berserker began the quest for the Orb.
     0 | D:1      | Reached XP level 1. HP: 18/18 MP: 1/1
   149 | D:1      | Reached XP level 2. HP: 24/24 MP: 2/2
   290 | D:1      | Found a faded altar of an unknown god.
   419 | D:1      | HP: 1/24 [gnoll/+0 flail (10)]
   422 | D:1      | Reached XP level 3. HP: 2/29 MP: 3/3
   427 | D:1      | HP: 1/29 [bat (1)]
   428 | D:1      | Slain by a bat

Illustrated notes

Levels and vault maps discovered:
D:1:      heliophobic_arrival_enchanted_forest, layout_rooms,
          dreamdust_ecumenical_altar_drowned_temple,
          minmay_misc_feat_more_columns, nicolae_grassy_gnolls

Action                   || total
-------------------------++-------
Melee: Hand axe          ||    51
       Punch             ||     1
Armor: Leather armour    ||    19
Dodge: Dodged            ||    39
